 Dungeon Crawl Stone Soup version 0.29-a0-813-g4a14ea37d6 (webtiles) character file.

Game seed: 17791417234004196555

592 gobodom the Magician (level 7, -2/51 HPs)
             Began as a Gnoll Wanderer on July 5, 2022.
             Slain by a kobold brigand
             ... wielding a +0 whip
              (5 damage)
             ... in a sewer.
             The game lasted 00:16:50 (4629 turns).

gobodom the Magician (Gnoll Wanderer)               Turns: 4629, Time: 00:16:51

Health: -2/51      AC:  3    Str: 11    XL:     7   Next: 39%
Magic:  3/18       EV: 12    Int: 13    God:
Gold:   184        SH:  0    Dex: 12    Spells: 12/21 levels left

rFire   . . .      SeeInvis +   v - +2 short sword (holy)
rCold   . . .      Faith    .   (no shield)
rNeg    . . .      Spirit   .   c - +0 robe
rPois   +          Reflect  .   (no helmet)
rElec   .          Harm     .   (no cloak)
rCorr   .          Rampage  .   d - +0 pair of gloves
Will    .....                   (no boots)
Stlth   +++.......              (no amulet)
HPRegen 0.17/turn               u - ring of poison resistance
MPRegen 0.16/turn               f - ring of see invisible

@: no status effects
A: fangs 1, strong nose, distributed training
a: no special abilities


You were in a sewer.
You visited 1 branch of the dungeon, and saw 4 of its levels.
You also visited: Sewer.

You collected 184 gold pieces.

Inventory:

Hand Weapons
 v - a +2 short sword of holy wrath (weapon)
Missiles
 a - 5 javelins
 g - 24 poisoned darts
 h - a throwing net
Armour
 c - a +0 robe (worn)
 d - a +0 pair of gloves (worn)
 j - a +2 buckler
Jewellery
 f - a ring of see invisible (right hand)
 u - a ring of poison resistance (left hand)
Wands
 i - a wand of roots (8)
Scrolls
 b - 3 scrolls of vulnerability
 e - 2 scrolls of poison
 k - a scroll of blinking
 l - 2 scrolls of teleportation
 n - 4 scrolls of enchant weapon
 o - 3 scrolls of fear
 q - a scroll of summoning
 t - a scroll of silence
Potions
 m - a potion of berserk rage
 p - 4 potions of curing
 s - a potion of magic


   Skills:
 + Level 2.5 Fighting
 + Level 2.5 Short Blades
 + Level 2.5 Long Blades
 + Level 2.5 Axes
 + Level 2.5 Maces & Flails
 + Level 2.5 Polearms
 + Level 2.5 Staves
 + Level 2.5 Ranged Weapons
 + Level 2.5 Throwing
 + Level 2.5 Armour
 + Level 2.5 Dodging
 + Level 4.9 Stealth
 + Level 2.5 Shields
 + Level 2.5 Unarmed Combat
 + Level 7.6 Spellcasting
 + Level 2.1 Conjurations
 + Level 2.1 Hexes
 + Level 4.3 Summonings
 + Level 2.1 Necromancy
 + Level 2.1 Translocations
 + Level 2.1 Transmutations
 + Level 2.1 Fire Magic
 + Level 5.8 Ice Magic
 + Level 2.1 Air Magic
 + Level 2.1 Earth Magic
 + Level 2.1 Poison Magic
 + Level 2.8 Invocations
 + Level 2.5 Evocations


You had 12 spell levels left.
You knew the following spells:

 Your Spells              Type           Power      Damage    Failure   Level
a - Freeze                Ice            80%        1d9       1%          1
b - Frozen Ramparts       Ice            40%        1d6       3%          3
c - Ensorcelled Hibernat  Hex/Ice        30%        N/A       4%          2
d - Call Canine Familiar  Summ           16%        N/A       7%          3

Your spell library contained the following spells:

 Spells                   Type           Power      Damage    Failure   Level
 Summon Small Mammal      Summ           64%        N/A       2%          1


Dungeon Overview and Level Annotations

Branches:
Dungeon (4/15)              Sewer (1/1)
 Temple: D:4-7

Altars:

Shops:
D:1 (   D:2 :


Innate Abilities, Weirdness & Mutations

You have very sharp teeth.
Your uncanny sense of smell can sniff out nearby items.
Your experience applies equally to all skills.


Message History

You kill the ufetubus!
You closely miss the kobold. You hit the kobold.
The kobold is moderately wounded.
A kobold brigand comes into view.
It is wielding a +0 whip and quivering poisoned darts.
The kobold barely misses you. The kobold closely misses you.
You barely miss the kobold.
The kobold is moderately wounded.
The kobold hits you with a +0 short sword.
* * * LOW HITPOINT WARNING * * *
The kobold completely misses you.
You barely miss the kobold.
The kobold is moderately wounded.
The kobold splashes around in the water.
You hit the kobold.
You kill the kobold!
You hear a splash. x2
You puncture the kobold brigand! Your bite misses the kobold brigand.
The kobold brigand is moderately wounded.
You hit the kobold brigand but do no damage.
Your bite misses the kobold brigand.
The kobold brigand is moderately wounded.
You closely miss the kobold brigand.
The kobold brigand is moderately wounded.
The kobold barely misses you.
The kobold brigand splashes around in the water.
You hit the kobold. You bite the kobold.
The kobold is severely wounded.
The kobold hits you with a +0 short sword.
* * * LOW HITPOINT WARNING * * *
The kobold brigand hits you with a +0 whip.
* * * LOW HITPOINT WARNING * * *
You hit the kobold.
You kill the kobold!
The kobold brigand hits you with a +0 whip.
* * * LOW HITPOINT WARNING * * *
You completely miss the kobold brigand.
The kobold brigand is moderately wounded.
The kobold brigand hits you with a +0 whip.
You die...

#≈≈≈≈≈≈#...≈≈≈≈≈≈≈
#≈≈≈≈≈≈#)..#≈≈≈≈≈
#≈≈≈≈≈≈≈...#≈≈≈≈≈
#≈≈≈≈≈≈#...#≈≈≈≈≈
#≈≈≈≈≈...≈...≈≈≈≈
#≈≈≈≈..#≈≈≈#...≈≈
#......#≈≈≈#....
#'#######≈## ###
#.)...@#...#...
#≈.≈.)≈..≈KKZ....≈≈
#≈≈≈#≈≈≈≈≈≈#)..#≈≈≈
#############'####
..# ... ∆ ...' ∆∆
§.'. ..'.


You could see a kobold brigand, a kobold zombie and a kobold.

Vanquished Creatures
  An ogre (D:4)
  2 kobold brigands
  A scorpion (D:4)
  A howler monkey (D:3)
  A quasit (Sewer)
  An iguana (D:4)
  2 orc wizards (D:3)
  4 adders
  2 shadow imps (Sewer)
  4 ufetubi (Sewer)
  A dart slug (D:2)
  A worm (D:4)
  6 orcs
  A ball python (D:3)
  2 bats
  6 endoplasms
  5 giant cockroaches
  7 goblins
  5 hobgoblins
  12 jackals
  2 quokkas (D:4)
  4 frilled lizards
  20 kobolds
  A kobold zombie (Sewer)
  6 rats
98 creatures vanquished.

Vanquished Creatures (collateral kills)
  A goblin (D:4)
1 creature vanquished.

Vanquished Creatures (others)
  A bat zombie (Sewer)
  An endoplasm (Sewer)
  A kobold zombie (Sewer)
3 creatures vanquished.

Grand Total: 102 creatures vanquished

Notes
Turn   | Place    | Note
-------+----------+-------------------------------------------
     0 | D:1      | gobodom the Gnoll Wanderer began the quest for the Orb.
     0 | D:1      | gobodom set off with the following items: a +0 dagger, a
                  | scroll of vulnerability, a +0 robe, a +0 pair of gloves;
                  | and the following spells available to memorise: Freeze,
                  | Summon Small Mammal, Frozen Ramparts, Ensorcelled
                  | Hibernation, Call Canine Familiar.
     0 | D:1      | Reached XP level 1. HP: 13/13 MP: 8/8
    52 | D:1      | Learned a level 1 spell: Freeze
   354 | D:1      | Reached XP level 2. HP: 19/19 MP: 8/10
   625 | D:1      | Found Kuel's Weapon Boutique.
  1190 | D:1      | Reached XP level 3. HP: 25/25 MP: 9/11
  1648 | D:2      | Reached skill level 1 in Invocations
  1842 | D:2      | Learned a level 3 spell: Frozen Ramparts
  1845 | D:2      | Learned a level 2 spell: Ensorcelled Hibernation
  2049 | D:2      | Reached skill level 1 in Fighting
  2049 | D:2      | Reached skill level 1 in Short Blades
  2049 | D:2      | Reached skill level 1 in Long Blades
  2049 | D:2      | Reached skill level 1 in Axes
  2049 | D:2      | Reached skill level 1 in Maces & Flails
  2049 | D:2      | Reached skill level 1 in Polearms
  2049 | D:2      | Reached skill level 1 in Staves
  2049 | D:2      | Reached skill level 1 in Ranged Weapons
  2049 | D:2      | Reached skill level 1 in Throwing
  2049 | D:2      | Reached skill level 1 in Armour
  2049 | D:2      | Reached skill level 1 in Dodging
  2049 | D:2      | Reached skill level 1 in Shields
  2049 | D:2      | Reached skill level 1 in Unarmed Combat
  2049 | D:2      | Reached skill level 1 in Evocations
  2119 | D:2      | Found Mifruw's Book Shop.
  2227 | D:2      | Reached XP level 4. HP: 32/32 MP: 13/13
  2746 | D:3      | Reached skill level 1 in Conjurations
  2746 | D:3      | Reached skill level 1 in Hexes
  2746 | D:3      | Reached skill level 1 in Necromancy
  2746 | D:3      | Reached skill level 1 in Translocations
  2746 | D:3      | Reached skill level 1 in Transmutations
  2746 | D:3      | Reached skill level 1 in Fire Magic
  2746 | D:3      | Reached skill level 1 in Air Magic
  2746 | D:3      | Reached skill level 1 in Earth Magic
  2746 | D:3      | Reached skill level 1 in Poison Magic
  2766 | D:3      | Reached XP level 5. HP: 6/37 MP: 10/14
  3549 | D:4      | Learned a level 3 spell: Call Canine Familiar
  3604 | D:4      | Reached XP level 6. HP: 18/44 MP: 8/16
  4058 | D:4      | Found a glowing drain.
  4080 | D:4      | Reached XP level 7. HP: 13/50 MP: 16/18
  4084 | Sewer    | Entered a sewer
  4629 | Sewer    | Slain by a kobold brigand

Illustrated notes

Levels and vault maps discovered:
D:1:      minmay_arrival_cross, layout_basic, serial_shops, nicolae_square_shop,
          dk_noncrumbling_3, minmay_misc_feat_roman
D:2:      layout_basic, serial_shops, nicolae_lakefront_shop
D:3:      layout_basic, minmay_misc_feat_encased
D:4:      layout_rooms, portal_sewer_entry_f, st_stairs_14
Sewer:    kennysheep_sewer_church

Skill      XL: |  1  2  3  4  5  6  7 |
---------------+----------------------+-----
Invocations    | 1 2 |  2.8
Fighting       | 1 2 |  2.5
Short Blades   | 1 2 |  2.5
Long Blades    | 1 2 |  2.5
Axes           | 1 2 |  2.5
Maces & Flails | 1 2 |  2.5
Polearms       | 1 2 |  2.5
Staves         | 1 2 |  2.5
Ranged Weapons | 1 2 |  2.5
Throwing       | 1 2 |  2.5
Armour         | 1 2 |  2.5
Dodging        | 1 2 |  2.5
Shields        | 1 2 |  2.5
Unarmed Combat | 1 2 |  2.5
Evocations     | 1 2 |  2.5
Conjurations   | 1 2 |  2.1
Hexes          | 1 2 |  2.1
Necromancy     | 1 2 |  2.1
Translocations | 1 2 |  2.1
Transmutations | 1 2 |  2.1
Fire Magic     | 1 2 |  2.1
Air Magic      | 1 2 |  2.1
Earth Magic    | 1 2 |  2.1
Poison Magic   | 1 2 |  2.1
Summonings     | 4 |  4.3
Stealth        | |  4.9
Spellcasting   | |  7.6
Ice Magic      | |  5.8

Action                   |  1- 3 |  4- 6 |  7- 9 || total
-------------------------+-------+-------+-------++-------
Melee: Dagger            |    26 |    23 |       ||    49
       Bite              |       |     5 |     8 ||    13
       Short sword       |       |    39 |    47 ||    86
       Punch             |       |     1 |       ||     1
 Cast: Freeze            |    30 |    41 |    14 ||    85
       Frozen Ramparts   |     1 |     1 |     3 ||     5
       Call Canine Famil |       |     3 |     1 ||     4
       Ensorcelled Hiber |       |       |     3 ||     3
  Use: Scroll            |       |    11 |       ||    11
       Potion            |       |       |     1 ||     1
 Stab: Sleeping          |    12 |     4 |     1 ||    17
Armor: Robe              |    16 |    25 |     4 ||    45
Dodge: Dodged            |    24 |    60 |    59 ||   143

Table legend: (Time is in decaauts)
 A = Elapsed time spent in this place.
 B = Non-inter-level travel time spent in this place.
 C = Inter-level travel time spent in this place.
 D = Time resting spent in this place.
 E = Time spent auto-exploring this place.
 F = Levels seen in this place.
 G = Mean time per level.
                   A        B        C        D        E       F      G
               +--------+--------+--------+--------+--------+-----+--------+
         Total |   4626 |   4426 |    200 |    706 |   2831 |   5 |  925.2 |
       Dungeon |   4080 |   3880 |    200 |    486 |   2632 |   4 | 1020.0 |
         Sewer |    545 |    545 |      0 |    220 |    199 |   1 |  545.0 |
               +--------+--------+--------+--------+--------+-----+--------+

Top non-repeatable levels by time:
     D:1: 1506 daAuts
     D:3: 1168 daAuts
     D:2: 854 daAuts
     D:4: 551 daAuts
   Sewer: 545 daAuts
